 Dungeon Crawl Stone Soup version 0.30-a0-748-ge6a52f7cba (webtiles) character file.

Game seed: 16753640278900639590

2610 sanka the Skirmisher (level 9, -2/74 HPs)
             Began as a Demigod Hunter on Feb 8, 2023.
             Slain by an unseen horror (9 damage)
             ... on level 6 of the Dungeon.
             The game lasted 00:09:37 (5051 turns).

sanka the Skirmisher (Demigod Hunter)               Turns: 5051, Time: 00:09:38

Health: -2/74      AC:  8    Str: 12    XL:     9   Next: 12%
Magic:  11/11      EV: 16    Int: 11    God:
Gold:   607        SH:  0    Dex: 29    Spells: 8/8 levels left

rFire   . . .      SeeInvis .    a - +0 shortbow
rCold   + . .      Faith    .    (shield currently unavailable)
rNeg    . . .      Spirit   .    E - +0 acid dragon scales
rPois   .          Reflect  .    q - +0 helmet
rElec   .          Harm     .    k - +0 cloak
rCorr   +          Rampage  .    (no gloves)
Will    .....                    (no boots)
Stlth   ++                       y - amulet of regeneration
HPRegen 1.12/turn                w - ring of protection from cold
MPRegen 0.12/turn                (no ring)

@: about to teleport
A: high MP 1, forlorn, divine attributes
a: no special abilities


You were on level 6 of the Dungeon.
You visited 1 branch of the dungeon, and saw 7 of its levels.

You collected 607 gold pieces.


Innate Abilities, Weirdness & Mutations

You have an increased reservoir of magic. (+10% MP)
You shall have no god before yourself.
Your divine heritage dramatically boosts your attributes as you level up.


   Skills:
 + Level 5.3 Fighting
 - Level 10.0 Ranged Weapons
 + Level 5.3 Dodging
 - Level 0.8 Stealth


You had 8 spell levels left.
You didn't know any spells.
Your spell library contained the following spells:

 Spells                   Type           Power      Damage    Failure   Level
 Beastly Appendage        Tmut           0%         N/A       47%         1
 Slow                     Hex            0%         N/A       47%         1
 Ensorcelled Hibernation  Hex/Ice        0%         N/A       63%         2
 Lesser Beckoning         Tloc           0%         N/A       63%         2
 Passwall                 Tmut/Erth      0%         N/A       63%         2
 Wereblood                Tmut           0%         N/A       63%         2
 Confusing Touch          Hex            0%         N/A       85%         3
 Gell's Gravitas          Tloc           0%         N/A       85%         3
 Spider Form              Tmut/Pois      0%         N/A       85%         3
 Swiftness                Air            0%         N/A       85%         3
 Teleport Other           Tloc           0%         N/A       85%         3
 Vampiric Draining        Necr           0%         2d6       85%         3
 Conjure Ball Lightning   Conj/Air       0%         3x3d6     100%        6
 Discord                  Hex            0%         N/A       100%        8
 Disjunction              Tloc           0%         N/A       100%        8

Inventory:

Hand Weapons
 a - a +0 shortbow (weapon)
Armour
 k - a +0 cloak (worn)
 q - a +0 helmet (worn)
 s - a +0 robe
 u - a +4 ring mail
 D - a +2 robe of fire resistance
 E - +0 acid dragon scales (worn)
Jewellery
 w - a ring of protection from cold (left hand)
 y - an amulet of regeneration (around neck)
Wands
 B - a wand of flame (23)
Scrolls
 b - 3 scrolls of immolation {!r}
 d - a scroll of poison {unknown}
 e - a scroll of vulnerability {unknown}
 f - 4 scrolls of identify {unknown}
 g - a scroll of magic mapping {unknown}
 h - 2 scrolls of fear {unknown}
 i - 2 scrolls of enchant armour {unknown}
 l - 3 scrolls of teleportation {@r4}
 o - 2 scrolls of enchant weapon {unknown}
 x - a scroll of noise {unknown}
 z - a scroll of blinking {unknown}
Potions
 c - a potion of attraction {unknown}
 j - a potion of degeneration {unknown}
 m - a potion of magic {unknown}
 n - 2 potions of heal wounds {unknown}
 p - a potion of lignification {unknown}
 r - a potion of berserk rage {unknown}
 t - a potion of invisibility {unknown}
 v - a potion of mutation {unknown}
 A - a potion of curing {@q1}
 C - a potion of flight {unknown}

Dungeon Overview and Level Annotations

Branches:
Dungeon (7/15)             Temple (0/1) D:4

Shops:
D:6

[ ▒▒▒.▒▒▒▒▒.▒
▒▒''▒▒▒▒.▒▒.▒.▒.▒.
▒.......▒▒▒....▒▒▒.▒▒.....▒.
▒▒▒▒▒▒▒▒▒▒......▒▒.▒▒▒▒.▒▒▒▒
▒..▒..▒..▒....▒.▒
▒...▒▒...▒▒▒.▒▒.▒ ▒...▒▒...▒
▒....▒
▒▒▒▒▒▒▒▒▒..▒..▒..▒▒▒.▒▒▒▒
▒......▒▒▒......▒▒.▒▒▒
▒......▒ ▒▒p...▒▒...▒▒
▒..▒▒..▒▒▒▒O▒▒▒▒.)...▒▒
▒..▒▒..o.)....'..▒.▒..▒
▒......▒▒▒▒▒▒▒▒...▒...▒
▒......▒ ▒..▒.▒..▒ ▒'▒▒▒▒▒▒
▒▒.....▒▒ ▒ ▒.{. ▒.....▒ ▒
▒....o ▒▒▒▒▒▒▒ ▒ ▒.£▒.▒£.


You could see an ogre.


Message History

Something hits you.
* * * LOW HITPOINT WARNING * * *
You shoot an arrow. The arrow hits the ogre!
The ogre is almost dead.
Something hits you.
* * * LOW HITPOINT WARNING * * *
Something hits you!
* * * LOW HITPOINT WARNING * * *
Something hits you.
* * * LOW HITPOINT WARNING * * *
You shoot an arrow. Something hits you!
* * * LOW HITPOINT WARNING * * *
The orc priest casts a cantrip, but nothing happens.
Something hits you!
* * * LOW HITPOINT WARNING * * *
Something hits you but does no damage.
There is an open door here.
Something hits you!
* * * LOW HITPOINT WARNING * * *
It was a potion of curing.
As you read the scroll labelled PAEMOT FAISOP, it crumbles to dust.
You feel strangely unstable.
It was a scroll of teleportation.
Something hits you!
* * * LOW HITPOINT WARNING * * *
The ogre closely misses you. Something hits you!
You die...

Action                     |  1- 3 |  4- 6 |  7- 9 || total
---------------------------+-------+-------+-------++-------
   Fire: Shortbow          |   170 |   156 |   288 ||   614
    Use: Scroll            |       |     3 |     1 ||     4
         Potion            |       |     1 |     1 ||     2
 Armour: Leather armour    |    20 |       |       ||    20
         Robe              |       |     3 |       ||     3
         Ring mail         |       |    22 |    56 ||    78
         Acid dragon scale |       |       |    15 ||    15
  Dodge: Dodged            |    75 |    51 |   119 ||   245

Levels and vault maps discovered:
D:1:      minmay_arrival_hallway, layout_loops_corners,
          chequers_ecumenical_altar_island
D:2:      layout_rooms, minmay_tromino_mix6, uniq_robin
D:3:      layout_basic, mainiacjoe_overflow_catwalk,
          grunt_dithmenos_smoke_and_mirrors, uniq_natasha, uniq_terence
D:4:      layout_rooms, mainiacjoe_overflow_concentric_impassable,
          minmay_temple_entry_gardened_gates
D:5:      nicolae_cairo_tiling_very_big, layout_loops_ring
D:6:      minmay_polygon_palace, layout_basic, serial_shops, shop_statue,
          uniq_prince_ribbit1, uniq_pikel
D:7:      layout_loops_corners, minmay_liquid_box, hangedman_decor_growths,
          minmay_crystal_room, minmay_between

Notes
Turn   | Place    | Note
-------+----------+-------------------------------------------
     0 | D:1      | sanka the Demigod Hunter began the quest for the Orb.
     0 | D:1      | Reached XP level 1. HP: 17/17 MP: 3/3
   113 | D:1      | Reached skill level 4 in Ranged Weapons
   119 | D:1      | Reached XP level 2. HP: 24/24 MP: 4/4
   964 | D:2      | Reached XP level 3. HP: 28/29 MP: 5/5
  1166 | D:2      | Reached skill level 2 in Fighting
  1166 | D:2      | Reached skill level 5 in Ranged Weapons
  1381 | D:2      | Noticed Robin
  1469 | D:2      | Killed Robin
  1470 | D:2      | Reached XP level 4. HP: 22/36 MP: 6/6
  1627 | D:3      | Noticed an ogre
  1649 | D:3      | Killed an ogre
  1650 | D:3      | Reached skill level 6 in Ranged Weapons
  1650 | D:3      | Reached XP level 5. HP: 4/41 MP: 7/7
  1650 | D:3      | HP: 4/41 [poisoned by an adder]
  1801 | D:3      | Noticed Terence
  2136 | D:3      | Noticed Natasha
  2145 | D:3      | Killed Natasha
  2274 | D:3      | Noticed Natasha
  2281 | D:3      | Killed Natasha
  2419 | D:3      | Noticed Natasha
  2423 | D:3      | Killed Natasha
  2480 | D:3      | Killed Terence
  2481 | D:3      | Reached XP level 6. HP: 42/48 MP: 6/8
  2541 | D:4      | Reached skill level 7 in Ranged Weapons
  3010 | D:4      | Reached skill level 8 in Ranged Weapons
  3010 | D:4      | Reached XP level 7. HP: 46/55 MP: 9/9
  3106 | D:4      | Found a staircase to the Ecumenical Temple.
  3393 | D:5      | Entered Level 5 of the Dungeon
  3588 | D:5      | Reached skill level 9 in Ranged Weapons
  4235 | D:6      | Found Osyapn's Antique Armour Shop.
  4267 | D:6      | Noticed Pikel
  4460 | D:6      | Reached XP level 8. HP: 61/61 MP: 10/10
  4501 | D:6      | Reached skill level 10 in Ranged Weapons
  4501 | D:6      | Reached skill level 2 in Dodging
  4615 | D:6      | Noticed Prince Ribbit
  4627 | D:6      | Killed Prince Ribbit
  4628 | D:6      | Reached skill level 3 in Fighting
  4628 | D:6      | Reached skill level 3 in Dodging
  4769 | D:6      | Killed Pikel
  4770 | D:6      | Reached skill level 4 in Fighting
  4770 | D:6      | Reached skill level 4 in Dodging
  4892 | D:6      | Identified +0 acid dragon scales
  4947 | D:6      | Reached XP level 9. HP: 72/73 MP: 11/11
  4953 | D:6      | Reached skill level 5 in Fighting
  4953 | D:6      | Reached skill level 5 in Dodging
  5049 | D:6      | HP: 2/74 [something (8)]
  5051 | D:6      | Slain by an unseen horror

Vanquished Creatures
  Pikel (D:6)
  Prince Ribbit (D:6)
  An acid dragon (D:6)
  An ice beast (D:5)
  An orc warrior (D:3)
  3 ogres
  A centaur (D:5)
  A phantom (D:4)
  A lemure (D:6)
  5 necrophages
  A scorpion (D:6)
  4 orc priests
  4 hounds
  2 jellies
  4 iguanas
  Natasha (thrice) (D:3)
  Terence (D:3)
  3 orc wizards
  Robin (D:2)
  7 adders
  7 gnolls
  2 white imps
  An ufetubus (D:6)
  A worm (D:3)
  4 dart slugs
  19 orcs
  4 bats
  6 endoplasms
  3 giant cockroaches
  14 goblins
  15 hobgoblins
  6 jackals
  5 quokkas
  6 ball pythons
  4 frilled lizards
  2 kobolds (D:3)
  5 rats
150 creatures vanquished.

Vanquished Creatures (collateral kills)
  An adder (D:3)
  2 goblins (D:3)
  A kobold (D:3)
4 creatures vanquished.

Vanquished Creatures (others)
  4 plants (D:4)
4 creatures vanquished.

Grand Total: 158 creatures vanquished
